 Dungeon Crawl Stone Soup version 0.25.0-9-g26727b657a (webtiles) character file.

Game seed: 16547790090822960218

315 mopl the Stinger (level 6, -5/41 HPs)
             Began as a Demonspawn Venom Mage on June 16, 2020.
             Slain by a worker ant (7 damage)
             ... on level 4 of the Dungeon.
             The game lasted 00:04:20 (2947 turns).

mopl the Stinger (Demonspawn Venom Mage)            Turns: 2947, Time: 00:04:20

Health: -5/41      AC:  2    Str: 10    XL:     6   Next: 19%
Magic:  11/11      EV: 12    Int: 17    God:
Gold:   123        SH:  0    Dex: 13    Spells: 3/12 levels left

rFire    . . .     SeeInvis .   g - +0 spear
rCold    . . .     Gourm    .   (no shield)
rNeg     . . .     Faith    .   a - +0 robe
rPois    .         Spirit   .   (no helmet)
rElec    .         Reflect  .   (no cloak)
rCorr    .         Harm     .   (no gloves)
MR       .....                  (no boots)
Stlth    ++........             (no amulet)
HPRegen  0.13/turn              (no ring)
MPRegen  0.12/turn              (no ring)

@: lethally poisoned (-5 -> -10)
A: talons 2, demonic guardian 1, spiny 1
a: no special abilities


You were on level 4 of the Dungeon.
You were not hungry.

You visited 1 branch of the dungeon, and saw 4 of its levels.

You collected 123 gold pieces.

Inventory:

Hand Weapons
 g - a +0 spear (weapon)
Armour
 a - a +0 robe (worn)
 e - a +0 kite shield
Jewellery
 h - a +4 ring of slaying {unknown}
Scrolls
 b - 3 scrolls of fog {unknown}
 d - a scroll of fear {unknown}
 i - a scroll of remove curse {unknown}
 n - a scroll of noise {unknown}
 o - 2 scrolls of teleportation {unknown}
 q - a scroll of enchant weapon {unknown}
Potions
 j - a potion of heal wounds
 k - a potion of curing
 l - a potion of invisibility
 m - a potion of haste
 p - a potion of flight {unknown}
Comestibles
 c - 5 rations
 f - a chunk of flesh


   Skills:
 - Level 1.7 Dodging
 - Level 1.7 Stealth
 * Level 3.8 Spellcasting
 + Level 0.2 Conjurations
 + Level 2.3 Transmutations
 + Level 0.2 Fire Magic
 + Level 1.6 Air Magic
 * Level 4.7 Poison Magic


You had 3 spell levels left.
You knew the following spells:

 Your Spells              Type           Power        Failure   Level  Hunger
a - Sting                 Tmut/Pois      ###.         3%          1    None
b - Poisonous Vapours     Pois/Air       ##....       7%          2    ##.....
d - Mephitic Cloud        Conj/Pois/Air  ##......     19%         3    ###....
g - Ignite Poison         Fire/Tmut/Pois ##......     17%         3    ###....

Your spell library contained the following spells:

 Spells                   Type           Power        Failure   Level  Hunger
 Olgreb's Toxic Radiance  Pois           ###.....     22%         4    ####...


Dungeon Overview and Level Annotations

Branches:
Dungeon (4/15)
 Temple: D:4-7

Altars:
Cheibriados
Dithmenos


Innate Abilities, Weirdness & Mutations

You have razor-sharp toenails.
A weak demonic guardian rushes to your aid.
You are partially covered in sharp spines.


Message History

The worker ant is heavily wounded.
The worker ant is struck by your spines.
The worker ant bites you.
You are poisoned.
The worker ant poisons you! The ogre barely misses you.
You hit the worker ant but do no damage.
The worker ant is heavily wounded.
You feel sick. The worker ant closely misses you.
Your white imp hits the worker ant.
Your white imp freezes the worker ant.
The worker ant barely misses you.
Unknown command.
You barely miss the worker ant.
The worker ant is almost dead.
You feel sick. The ogre is struck by your spines.
The ogre hits you with a +0 giant club!!
Ouch! That really hurt!
* * * LOW HITPOINT WARNING * * *
Your white imp closely misses the worker ant.
The worker ant bites you!
You die...

##########
###..a5....#
#.....@....#
........O....#
.............#
.............#
.............#
...........###
......(...##
...?.....##


You could see an ogre, a worker ant and a friendly white imp (summoned).

Vanquished Creatures
  Sigmund (D:2)
  A centaur skeleton (D:4)
  5 adders
  3 oozes
  A worm (D:3)
  2 dart slugs
  A leopard gecko (D:3)
  2 giant cockroaches
  11 hobgoblins
  7 jackals
  3 quokkas
  7 bats
  4 frilled lizards
  8 goblins
  9 kobolds
  11 rats
76 creatures vanquished.

Notes
Turn   | Place    | Note
-------+----------+-------------------------------------------
     0 | D:1      | mopl the Demonspawn Venom Mage began the quest for the Orb.
     0 | D:1      | Reached XP level 1. HP: 13/13 MP: 3/3
   110 | D:1      | Reached skill level 1 in Transmutations
   165 | D:1      | Gained mutation: You are partially covered in sharp spines.
                  | [demonic ancestry]
   165 | D:1      | Reached XP level 2. HP: 14/19 MP: 1/5
   492 | D:1      | Learned a level 2 spell: Poisonous Vapours
   780 | D:1      | Gained mutation: You have sharp toenails. [demonic
                  | ancestry]
   780 | D:1      | Reached XP level 3. HP: 24/24 MP: 6/6
  1290 | D:2      | Found a snail-covered altar of Cheibriados.
  1368 | D:2      | Noticed Sigmund
  1392 | D:2      | Killed Sigmund
  1392 | D:2      | Reached skill level 1 in Air Magic
  1392 | D:2      | Reached skill level 4 in Poison Magic
  1392 | D:2      | Gained mutation: You have razor-sharp toenails. [demonic
                  | ancestry]
  1392 | D:2      | Reached XP level 4. HP: 8/30 MP: 0/9
  1392 | D:2      | Reached XP level 5. HP: 10/35 MP: 0/10
  2213 | D:3      | Learned a level 3 spell: Ignite Poison
  2217 | D:3      | Learned a level 3 spell: Mephitic Cloud
  2501 | D:3      | Found a shadowy altar of Dithmenos.
  2557 | D:3      | Gained mutation: A weak demonic guardian rushes to your
                  | aid. [demonic ancestry]
  2557 | D:3      | Reached XP level 6. HP: 41/41 MP: 11/11
  2947 | D:4      | HP: 2/41 [ogre/+0 giant club (25)]
  2947 | D:4      | Slain by a worker ant

Illustrated notes

Levels and vault maps discovered:
D:1:      dpeg_arrival_tiny_d, layout_loops_corners, grunt_decor_resistance
D:2:      layout_loops_ring, cheibriados_altar_1, uniq_sigmund
D:3:      layout_basic, minmay_misc_feat_plants, grunt_dithmenos_smoke
D:4:      corexii_shantytown, layout_cave_pods, first_ration,
          hangedman_decor_lopped

Skill      XL: |  1  2  3 |
---------------+----------+-----
Transmutations | 1 2 |  2.3
Spellcasting   | 3 |  3.8
Air Magic      | 1 |  1.6
Poison Magic   | 4 |  4.7
Dodging        | |  1.7
Stealth        | |  1.7
Conjurations   | |  0.2
Fire Magic     | |  0.2

Action                   |  1- 3 |  4- 6 || total
-------------------------+-------+-------++-------
Melee: Unarmed           |    41 |       ||    41
       Spear             |    31 |   107 ||   138
       Kick              |     2 |    12 ||    14
 Cast: Sting             |    21 |       ||    21
       Poisonous Vapours |     2 |       ||     2
  Use: Potion            |     1 |       ||     1
       Scroll            |       |     3 ||     3
 Stab: Sleeping          |     3 |    10 ||    13
       Distracted        |     1 |       ||     1
  Eat: Chunk             |     2 |     5 ||     7
Armor: Robe              |    11 |     8 ||    19
Dodge: Dodged            |    37 |    45 ||    82
